 Dungeon Crawl Stone Soup version 0.30-a0-304-gdc4b735fe1 (webtiles) character file.

Game seed: 18314367578776692163

3373 KennySheep the Firebug (level 9, -6/68 HPs)
             Began as a Demigod Warper on Oct 20, 2022.
             Mangled by Maggie
             ... wielding a +0 war axe
              (17 damage)
             ... on level 7 of the Dungeon on Oct 21, 2022.
             The game lasted 00:36:59 (9301 turns).

KennySheep the Firebug (Demigod Warper)             Turns: 9301, Time: 00:37:00

Health: -6/68      AC:  4    Str: 12    XL:     9   Next: 45%
Magic:  6/20       EV: 12    Int: 27    God:
Gold:   221        SH:  0    Dex: 16    Spells: 1/18 levels left

rFire   . . .      SeeInvis .      - Unarmed
rCold   . . .      Faith    .    (no shield)
rNeg    . . .      Spirit   .    a - +0 leather armour
rPois   .          Reflect  .    (no helmet)
rElec   .          Harm     .    o - scarf {repulsion}
rCorr   +          Rampage  .    (no gloves)
Will    .....                    g - +0 pair of boots "Sureug" {rCorr Dex+3 Stlth+}
Stlth   ++........               (no amulet)
HPRegen 0.31/turn                (no ring)
MPRegen 0.17/turn                (no ring)

@: brilliant, about to teleport, mesmerised, very slightly contaminated, repel
missiles
A: high MP 1, forlorn, divine attributes
a: no special abilities


You were on level 7 of the Dungeon.
You visited 2 branches of the dungeon, and saw 8 of its levels.
You also visited: Sewer.

You collected 365 gold pieces.
You spent 144 gold pieces at shops.

Inventory:

Missiles
 c - 8 boomerangs of dispersal
 d - 2 throwing nets
 f - 2 silver javelins
 z - 3 boomerangs
Armour
 a - a +0 leather armour (worn)
 g - the +0 pair of boots "Sureug" (worn) {rCorr Dex+3 Stlth+}
   (You acquired it on level 4 of the Dungeon)

   Dex:       It affects your dexterity (+3).
   rCorr:     It protects you from acid and corrosion.
   Stlth:     It makes you more stealthy.
 o - a scarf of repulsion (worn)
Jewellery
 q - a ring of ice
Wands
 p - a wand of acid (10)
 y - a wand of paralysis (3)
 F - a wand of mindburst (2)
Scrolls
 b - 2 scrolls of magic mapping
 e - a scroll of immolation {unknown}
 h - a scroll of vulnerability
 i - a scroll of enchant armour {unknown}
 m - a scroll of silence
 n - a scroll of poison
 t - a scroll of brand weapon {unknown}
 v - 2 scrolls of fear {unknown}
 w - a scroll of torment {unknown}
 x - 2 scrolls of noise {unknown}
 C - a scroll of fog {unknown}
Potions
 j - 3 potions of might
 l - 3 potions of flight
 B - a potion of resistance
 D - a potion of ambrosia {unknown}
 E - a potion of magic {unknown}


   Skills:
 - Level 2.7 Fighting
 - Level 0.8 Throwing
 - Level 0.8 Armour
 - Level 1.7 Dodging
 - Level 3.3 Unarmed Combat
 + Level 5.3 Spellcasting
 * Level 7.2 Conjurations
 - Level 3.3 Translocations
 * Level 7.2 Fire Magic
 - Level 1.6 Air Magic


You had one spell level left.
You knew the following spells:

 Your Spells              Type           Power      Damage    Failure   Level
a - Blink                 Tloc           74%        N/A       3%          2
b - Vhi's Electric Charg  Tloc/Air       60%        N/A       10%         3
c - Foxfire               Conj/Fire      100%       2x1d9     1%          1
d - Fireball              Conj/Fire      31%        3d13      12%         5
e - Starburst             Conj/Fire      31%        6d10      56%         6

Your spell library contained the following spells:

 Spells                   Type           Power      Damage    Failure   Level
 Lesser Beckoning         Tloc           74%        N/A       7%          3
 Teleport Other           Tloc           37%        N/A       7%          3
 Ensorcelled Hibernation  Hex/Ice        20%        N/A       13%         2
 Manifold Assault         Tloc           37%        N/A       22%         4
 Ozocubu's Armour         Ice            10%        N/A       26%         3
 Spider Form              Tmut/Pois      10%        N/A       26%         3
 Anguish                  Hex/Necr       5%         N/A       65%         4
 Metabolic Englaciation   Hex/Ice        5%         N/A       94%         5
 Simulacrum               Ice/Necr       5%         N/A       100%        6


Dungeon Overview and Level Annotations

Branches:
Dungeon (7/15)             Temple (1/1) D:4           Sewer (visited)

Shops:
D:5 *

Annotations:
D:2 Terence
D:4 1 runed translucent door, Crazy Yiuf
D:7 Maggie


Innate Abilities, Weirdness & Mutations

You have an increased reservoir of magic. (+10% MP)
You shall have no god before yourself.
Your divine heritage dramatically boosts your attributes as you level up.


Message History

Nothing appears to happen.
Casting: Fireball (dangerous; 12% risk of failure)
Confirm with . or Enter, or press ? or * to list all spells.
Aiming: Fireball (dangerous; 12% risk of failure)
Press: ? - help, Shift-Dir - straight line, f/p - Maggie
Aim: Maggie, wielding a +0 war axe and wearing +0 steam dragon scales (lightly wounded)
The fireball explodes!
The fireball engulfs Maggie!!
Maggie is heavily wounded.
Maggie smiles, but it's obviously fake.
You conjure some foxfire!
You feel stable enough to blink again. Maggie casts a spell at you.
The bolt of fire hits you!! Maggie attacks as you move away!
Maggie hits you with a +0 war axe!
Maggie hits your foxfire with a +0 war axe!
Maggie hits your foxfire with a +0 war axe.
The foxfire hits Maggie.
Maggie is heavily wounded.
The foxfire hits Maggie!
Maggie is heavily wounded.
Casting: Foxfire (safe; 1% risk of failure)
Confirm with . or Enter, or press ? or * to list all spells.
You blink.
Maggie hits you with a +0 war axe!
* * * LOW HITPOINT WARNING * * *
Okay, then.
Okay, then.
Casting: Blink (safe; 3% risk of failure)
Confirm with . or Enter, or press ? or * to list all spells.
Okay, then.
As you read the scroll of teleportation, it crumbles to dust.
You feel strangely unstable.
Maggie mumbles some strange words.
Maggie attempts to bespell you!
You are mesmerised by Maggie!
Unknown command.
Okay, then.
It was a potion of brilliance.
You feel clever all of a sudden.
You feel stable enough to blink again. Maggie hits you with a +0 war axe!
You die...

#... #####
##!..##...##
...........#
#.........#
#.........#
+.........#
#'###### #...##.##
#.@.....# #.@.....#
#.......#
##...##############
#...####.##.##..#.
#...#.............
#...'.....>.......
#...#.............
#...#....##.....##


You could see Maggie (mesmerising).

Vanquished Creatures
  Grinder (D:6)
  Prince Ribbit (D:6)
  3 water moccasins
  A sky beast (D:7)
  An orc warrior (D:6)
  An ogre (D:5)
  2 centaurs
  A phantom (D:6)
  A kobold brigand (D:6)
  2 bullfrogs (Sewer)
  2 wyvern zombies (D:6)
  3 necrophages
  2 scorpions
  2 water moccasin zombies (D:6)
  5 wights (D:6)
  A howler monkey (D:5)
  2 centaur zombies (D:6)
  2 bullfrog zombies (D:6)
  2 bullfrog skeletons (D:6)
  2 hounds
  A jelly (D:6)
  3 orc priests
  An orc wizard (D:6)
  Natasha (twice) (D:2 D:1)
  4 killer bee zombies (D:6)
  2 howler monkey zombies (D:6)
  8 adders
  5 river rats (Sewer)
  A white imp (D:6)
  2 worms
  2 dart slugs
  15 orcs
  An endoplasm (D:1)
  2 giant cockroaches (D:1)
  4 goblins
  6 hobgoblins
  6 quokkas
  17 ball pythons
  6 bats
  8 frilled lizards
  8 kobolds
  29 rats
170 creatures vanquished.

Vanquished Creatures (collateral kills)
  A komodo dragon (D:5)
  A hornet zombie (D:6)
  2 foxfires (D:6)
4 creatures vanquished.

Vanquished Creatures (others)
  638 foxfires
  2 plants (D:4)
  8 withered plants (D:6)
648 creatures vanquished.

Grand Total: 822 creatures vanquished

Notes
Turn   | Place    | Note
-------+----------+-------------------------------------------
     0 | D:1      | KennySheep the Demigod Warper began the quest for the Orb.
     0 | D:1      | Reached XP level 1. HP: 17/17 MP: 5/5
   400 | D:1      | Reached XP level 2. HP: 23/24 MP: 7/7
   403 | D:1      | Learned a level 2 spell: Blink
   858 | D:2      | You fall into a shaft and drop 1 floor!
  1255 | D:2      | Reached XP level 3. HP: 20/29 MP: 8/8
  1315 | D:2      | Noticed Natasha
  1337 | D:2      | Killed Natasha
  1419 | D:2      | Learned a level 3 spell: Vhi's Electric Charge
  1659 | D:2      | Noticed Terence
  1709 | D:2      | Noticed Natasha
  1726 | D:1      | Killed Natasha
  1727 | D:1      | Reached skill level 1 in Air Magic
  1727 | D:1      | Reached XP level 4. HP: 18/37 MP: 10/10
  2065 | D:3      | Noticed a centaur
  2082 | D:3      | Killed a centaur
  2083 | D:3      | Reached XP level 5. HP: 32/42 MP: 11/11
  2476 | D:4      | Identified a scroll of acquirement
  2476 | D:4      | Acquired the +0 pair of boots "Sureug" {rCorr Dex+3 Stlth+}
  2674 | D:4      | Found a runed translucent door.
  2675 | D:4      | Noticed Crazy Yiuf
  2702 | D:4      | Found a staircase to the Ecumenical Temple.
  2702 | D:4      | Noticed a sky beast
  2759 | D:4      | HP: 2/42 [sky beast (6)]
  2771 | D:4      | HP: 2/42 [something (1)]
  3133 | Temple   | Entered the Ecumenical Temple
  3191 | D:4      | Found a glowing drain.
  3196 | Sewer    | Entered a sewer
  3213 | Sewer    | Learned a level 1 spell: Foxfire
  3423 | Sewer    | Reached skill level 1 in Fire Magic
  3512 | Sewer    | Reached skill level 1 in Conjurations
  3861 | Sewer    | Reached XP level 6. HP: 50/50 MP: 9/13
  3906 | Sewer    | Learned a level 5 spell: Fireball
  4299 | D:5      | Entered Level 5 of the Dungeon
  4315 | D:5      | Noticed a +0 hand axe
  4315 | D:5      | Noticed a +0 hand axe
  4336 | D:5      | Reached XP level 7. HP: 56/56 MP: 10/15
  5368 | D:5      | Noticed a komodo dragon
  5767 | D:5      | Found Uptio's Assorted Antiques.
  5785 | D:5      | Bought a blue potion for 22 gold pieces
  5785 | D:5      | Bought a murky yellow potion for 22 gold pieces
  5785 | D:5      | Bought a worn ivory wand for 100 gold pieces
  6418 | D:6      | Reached XP level 8. HP: 48/62 MP: 6/17
  6496 | D:6      | HP: 3/62 [hornet zombie (11)]
  6508 | D:6      | Noticed Prince Ribbit
  6701 | D:6      | Killed Prince Ribbit
  6702 | D:6      | Reached skill level 5 in Conjurations
  6702 | D:6      | Reached skill level 5 in Fire Magic
  7762 | D:6      | Noticed Grinder
  7853 | D:5      | Killed a komodo dragon
  7854 | D:5      | Reached XP level 9. HP: 14/68 MP: 2/20
  8032 | D:5      | Learned a level 6 spell: Starburst
  8208 | D:6      | Reached skill level 5 in Spellcasting
  8942 | D:6      | Killed Grinder
  9289 | D:7      | Noticed Maggie
  9301 | D:7      | Mangled by Maggie

Illustrated notes

Levels and vault maps discovered:
D:1:      nzn_arrival_settlement, layout_loops_ring, minmay_misc_feat_plants
D:2:      layout_basic, uniq_terence, uniq_natasha
D:3:      layout_rooms, kennysheep_okawaru_gauntlet, tso_metal_star,
          nicolae_elyvilon_peaceful_grove, minmay_splitting_lines
D:4:      layout_basic, lemuel_crystal_altar, nicolae_hepliaklqana_hazy_memory,
          minmay_temple_entry_ruins, portal_sewer_entry_e,
          uniq_crazy_yiuf_cottage
D:5:      layout_basic, dancing_weapons_uskayaw, serial_shops, shop
D:6:      layout_loops_ring, lemuel_round_altar, serial_undead, serial_undead_f,
          serial_undead_e, serial_undead_c, serial_undead_a, serial_undead_c,
          serial_undead_c, serial_undead_c, serial_undead_a, serial_undead_e,
          serial_undead_c, uniq_prince_ribbit1, uniq_grinder
D:7:      layout_gridville, grunt_qazlal_sundering, dreamdust_princess_corridor,
          minmay_fractal_squares_gapless_5, uniq_maggie
Temple:   minmay_temple_curvy_loop

Skill      XL: |  1  2  3  4  5  6  7  8  9 |
---------------+----------------------------+-----
Unarmed Combat | 2 3 |  3.3
Fighting       | 2 |  2.7
Spellcasting   | 2 3 4 5 |  5.3
Translocations | 3 |  3.3
Air Magic      | 1 |  1.6
Fire Magic     | 1 2 4 6 7 |  7.2
Conjurations   | 1 2 4 6 7 |  7.2
Throwing       | |  0.8
Armour         | |  0.8
Dodging        | |  1.7

Action                   |  1- 3 |  4- 6 |  7- 9 || total
-------------------------+-------+-------+-------++-------
Melee: Unarmed           |   163 |    72 |    56 ||   291
       Punch             |     5 |       |     4 ||     9
Throw: Boomerang         |       |     1 |       ||     1
 Cast: Vhi's Electric Ch |     1 |       |       ||     1
       Foxfire           |       |    79 |   297 ||   376
       Blink             |       |       |    11 ||    11
       Fireball          |       |       |     2 ||     2
  Use: Potion            |     2 |     7 |     3 ||    12
       Scroll            |       |    10 |     5 ||    15
 Stab: Sleeping          |       |     1 |       ||     1
Armor: Leather armour    |    40 |    21 |    62 ||   123
Dodge: Dodged            |   103 |    49 |   165 ||   317

Table legend: (Time is in decaauts)
 A = Elapsed time spent in this place.
 B = Non-inter-level travel time spent in this place.
 C = Inter-level travel time spent in this place.
 D = Time resting spent in this place.
 E = Time spent auto-exploring this place.
 F = Levels seen in this place.
 G = Mean time per level.
                   A        B        C        D        E       F      G
               +--------+--------+--------+--------+--------+-----+--------+
         Total |   9291 |   8900 |    391 |   2383 |   4494 |   9 | 1032.3 |
       Dungeon |   8485 |   8094 |    391 |   2137 |   4156 |   7 | 1212.1 |
        Temple |     13 |     13 |      0 |      0 |      0 |   1 |   13.0 |
         Sewer |    792 |    792 |      0 |    246 |    337 |   1 |  792.0 |
               +--------+--------+--------+--------+--------+-----+--------+

Top non-repeatable levels by time:
     D:6: 2353 daAuts
     D:5: 2184 daAuts
     D:4: 1098 daAuts
     D:1: 923 daAuts
     D:3: 849 daAuts
     D:2: 820 daAuts
   Sewer: 792 daAuts
     D:7: 255 daAuts
  Temple: 13 daAuts
